 Dungeon Crawl Stone Soup version 0.27.1-34-g3ba077fa99 (webtiles) character file.

Game seed: 10789858290815686908

88 Descartes the Grasshopper (level 4, 0/33 HPs)
             Began as a Formicid Warper on Jan 23, 2022.
             Slain by an adder (2 damage)
             ... on level 2 of the Dungeon.
             The game lasted 00:03:46 (2717 turns).

Descartes the Grasshopper (Formicid Warper)         Turns: 2717, Time: 00:03:47

Health: 0/33       AC:  5    Str: 17    XL:     4   Next: 81%
Magic:  7/7        EV: 11    Int: 12    God:
Gold:   102        SH:  0    Dex: 10    Spells: 7/7 levels left

rFire    . . .     SeeInvis +   a - +0 hand axe
rCold    . . .     Faith    .   (no shield)
rNeg     . . .     Spirit   .   b - +0 leather armour
rPois    .         Reflect  .   (helmet unavailable)
rElec    .         Harm     .   j - +1 cloak
rCorr    .         Rampage  .   (no gloves)
Will     .....                  (no boots)
Stlth    +.........             (no amulet)
HPRegen  0.11/turn              (no ring)
MPRegen  0.10/turn              (no ring)

@: no status effects
A: permanent stasis, dig shafts and tunnels, antennae 3, four strong arms
a: Dig, Shaft Self


You were on level 2 of the Dungeon.
You visited 1 branch of the dungeon, and saw 2 of its levels.

You collected 102 gold pieces.

Inventory:

Hand Weapons
 a - a +0 hand axe (weapon)
Missiles
 c - 5 boomerangs of dispersal (quivered)
 d - 56 stones
 l - 10 poisoned darts
Armour
 b - a +0 leather armour (worn)
 j - a +1 cloak (worn)
Scrolls
 e - a scroll of identify {unknown}
 h - a scroll of fog {unknown}
 i - a scroll of amnesia {unknown}
 n - a scroll of enchant armour {unknown}
 o - a scroll of torment {unknown}
Potions
 f - a potion of ambrosia {unknown}
 g - a potion of mutation {unknown}
 k - 3 potions of curing {unknown}
 m - a potion of degeneration {unknown}


   Skills:
 - Level 2.1 Fighting
 - Level 2.0 Axes
 - Level 1.0 Throwing
 + Level 3.3 Armour
 - Level 1.7 Dodging
 - Level 2.1 Spellcasting
 + Level 3.8 Translocations


You had 7 spell levels left.
You didn't know any spells.
Your spell library contained the following spells:

 Spells                   Type           Power      Damage    Failure   Level
 Gell's Gravitas          Tloc           5%         N/A       21%         3
 Lesser Beckoning         Tloc           5%         N/A       21%         3
 Teleport Other           Tloc           10%        N/A       21%         3
 Manifold Assault         Tloc           10%        N/A       88%         5
 Blink                    Tloc           Unusable   N/A       N/A         2

Dungeon Overview and Level Annotations

Branches:
Dungeon (2/15)

Altars:


Innate Abilities, Weirdness & Mutations

You cannot be hasted, slowed, berserked, paralysed or teleported.
You can dig through walls and to a lower floor.
You have a pair of large antennae on your head. (SInv)
Your four strong arms can wield two-handed weapons with a shield.


Message History

You miss the adder.
The adder is moderately wounded.
You feel sick. The adder barely misses you.
The adder bites you but does no damage.
You hit the adder.
The adder is almost dead.
You feel sick.
You are no longer poisoned.
The adder bites you but does no damage.
You hit the adder.
The adder is almost dead.
The adder bites you.
You are poisoned.
The adder poisons you! The adder barely misses you.
You closely miss the adder.
The adder is almost dead.
You feel sick. The adder closely misses you.
You barely miss the adder.
The adder is almost dead.
You feel sick. The adder barely misses you. x2
You hit the adder but do no damage.
The adder is almost dead.
You feel sick. The adder barely misses you. The adder bites you.
* * * LOW HITPOINT WARNING * * *
You hit the adder but do no damage.
The adder is almost dead.
You feel sick. The adder bites you but does no damage.
You barely miss the adder.
The adder is almost dead.
You feel sick.
You are no longer poisoned.
The adder barely misses you. The adder bites you.
* * * LOW HITPOINT WARNING * * *
You barely miss the adder.
The adder is almost dead.
The adder barely misses you.
You miss the adder.
The adder is almost dead.
The adder bites you.
You die...

................##......
.................#.....
.................#....
.......#.........#...#
.....................#
........##. #........# .
..... #..#.#..S...###..
..... .###.#..###........
.## ........#@SS....### .#
#.......###.....# .#
#.........#.....#
.########......#.......#
.......................#
.########......##.........
.# ######..............#..
.###...........#.#...#.#..
.....##.####...#.#####...


You could see an adder and a ball python.

Vanquished Creatures
  A hound skeleton (D:2)
  3 adders (D:2)
  A worm (D:2)
  5 bats
  3 endoplasms (D:1)
  A giant cockroach (D:1)
  6 hobgoblins (D:1)
  5 jackals
  3 quokkas (D:1)
  5 ball pythons (D:1)
  3 frilled lizards (D:1)
  2 goblins (D:1)
  3 kobolds
  4 rats
45 creatures vanquished.

Notes
Turn   | Place    | Note
-------+----------+-------------------------------------------
     0 | D:1      | Descartes the Formicid Warper began the quest for the Orb.
     0 | D:1      | Reached XP level 1. HP: 16/16 MP: 3/3
   352 | D:1      | Reached XP level 2. HP: 16/22 MP: 5/5
  1060 | D:1      | Reached XP level 3. HP: 24/27 MP: 6/6
  1901 | D:2      | Reached XP level 4. HP: 4/33 MP: 7/7
  2717 | D:2      | Slain by an adder

Illustrated notes

Levels and vault maps discovered:
D:1:      minmay_arrival_five_plusses, layout_loops_ring
D:2:      layout_rooms, hangedman_decor_growths,
          corexii_item_surrounded_by_moat, kennysheep_pointless_box

Skill      XL: |  1  2  3  4 |
---------------+-------------+-----
Translocations | 3 |  3.8
Armour         | 2 3 |  3.3
Fighting       | |  2.1
Axes           | |  2.0
Throwing       | |  1.0
Dodging        | |  1.7
Spellcasting   | |  2.1

Action                   |  1- 3 |  4- 6 || total
-------------------------+-------+-------++-------
Melee: Hand axe          |   141 |    67 ||   208
 Abil: Dig               |       |     1 ||     1
Armor: Leather armour    |    38 |    36 ||    74
Dodge: Dodged            |    95 |    65 ||   160
